 Dungeon Crawl Stone Soup version 0.23.2 (webtiles) character file.

Game seed: 9005362481397696378

233 lysyklops the Covered (level 6, -7/38 HPs)
             Began as a Gargoyle Fighter on Apr 4, 2019.
             Was an Initiate of Okawaru.
             Mangled by an ogre
             ... wielding a +0 giant club
              (16 damage)
             ... on level 3 of the Dungeon.
             The game lasted 00:04:38 (2206 turns).

lysyklops the Covered (Gargoyle Fighter)            Turns: 2206, Time: 00:04:38

Health: -7/38      AC: 16    Str: 21    XL:     6   Next: 4%
Magic:  6/6        EV:  4    Int:  9    God:    Okawaru [......]
Gold:   91         SH:  9    Dex:  9    Spells: 5/5 levels left

rFire    + . .     SeeInvis .   a - +0 flail
rCold    . . .     Gourm    .   c - +0 shield
rNeg     + . .     Faith    .   i - +0 plate armour {rF+}
rPois    ∞         Spirit   .   (no helmet)
rElec    +         Reflect  .   (no cloak)
rCorr    .         Harm     .   (no gloves)
MR       .....                  (no boots)
Stlth    ..........             (no amulet)
HPRegen  0.12/turn              (no ring)
MPRegen  0.10/turn              (no ring)

@: no status effects
A: negative energy resistance 1, electricity resistance, unbreathing,
petrification resistance, rot immunity, AC +4
a: Renounce Religion


You were on level 3 of the Dungeon.
You worshipped Okawaru.
Okawaru was noncommittal.
You were very hungry.

You visited 1 branch of the dungeon, and saw 3 of its levels.

You collected 91 gold pieces.

Inventory:

Hand Weapons
 a - a +0 flail (weapon)
Armour
 b - a +0 scale mail
 c - a +0 shield (worn)
 i - a +0 plate armour of fire resistance (worn)
Jewellery
 g - an uncursed ring of wizardry {unknown}
 s - an uncursed ring of poison resistance {unknown}
Scrolls
 h - 7 scrolls of identify {unknown}
 l - a scroll of blinking {unknown}
 n - a scroll of fog {unknown}
 p - a scroll of enchant weapon {unknown}
 r - 2 scrolls of teleportation {unknown}
Potions
 d - 4 potions of might
 e - a potion of cancellation {unknown}
 j - a potion of agility {unknown}
 k - a potion of lignification {unknown}
 m - a potion of curing {unknown}
 o - 2 potions of degeneration {unknown}
 q - a potion of heal wounds {unknown}
 t - a potion of ambrosia {unknown}
Comestibles
 f - 4 rations


   Skills:
 + Level 4.2 Fighting
 + Level 4.1 Maces & Flails
 + Level 4.3 Armour
 + Level 0.3 Stealth
 + Level 4.3 Shields


You had 5 spell levels left.
You didn't know any spells.
Your spell library was empty.

Dungeon Overview and Level Annotations

Branches:
Dungeon (3/15)

Altars:
Cheibriados
Okawaru
Sif Muna


Innate Abilities, Weirdness & Mutations

You are resistant to torment.
Your stone body is resilient. (AC +4)
You are immune to poison.
You resist negative energy. (rN+)
You are resistant to electric shocks. (rElec)
You can survive without breathing.
You are immune to petrification.
You are immune to rotting.


Message History

You are too injured to fight recklessly!
You are too injured to fight recklessly!
You are too injured to fight recklessly!
You are too injured to fight recklessly!
You are too injured to fight recklessly!
You are too injured to fight recklessly!
You are too injured to fight recklessly!
You are too injured to fight recklessly!
You are too injured to fight recklessly!
Unknown command.
The goblin hits you but does no damage.
There is an open door here.
Your shield and plate armour prevent you from hitting the ogre.
The ogre is heavily wounded.
The ogre hits you with a +0 giant club!
* * * LOW HITPOINT WARNING * * *
You barely miss the ogre.
The ogre is heavily wounded.
The ogre hits you with a +0 giant club!
You die...

##.####.##...# #..#
#......# #.....#
##.###.(....####.%...#
#.....#....#........####
##.#.......#.# ........#
#.....###...# ........#
.###..#..#(#...# #.......#
........##.##..###.†..?..#
........#...#...@Og....>.#
...##....###)..###.....).#
... #.#.#...#..# #.......#
### #...##.##.## #.......#
##...#.#... ....#####
#.††.#..... ....#
#...###.........#
#....#..........#
#...#.#..#####


You could see an ogre and a goblin.

Vanquished Creatures
  A crimson imp (D:2)
  A worker ant (D:2)
  Natasha (twice) (D:3)
  3 gnolls (D:2)
  2 adders (D:2)
  2 worms (D:2)
  A dart slug (D:1)
  3 orcs (D:3)
  A ball python (D:2)
  5 giant cockroaches
  7 hobgoblins
  6 jackals
  7 kobolds
  6 quokkas
  5 bats
  3 frilled lizards
  2 goblins
  10 rats
67 creatures vanquished.

Notes
Turn   | Place    | Note
-------+----------+-------------------------------------------
     0 | D:1      | lysyklops the Gargoyle Fighter began the quest for the Orb.
     0 | D:1      | Reached XP level 1. HP: 14/14 MP: 1/1
    77 | D:1      | Reached XP level 2. HP: 16/19 MP: 2/2
   600 | D:1      | Reached XP level 3. HP: 23/23 MP: 3/3
   798 | D:2      | Reached XP level 4. HP: 28/29 MP: 4/4
  1141 | D:2      | Found an iron altar of Okawaru.
  1152 | D:2      | Became a worshipper of Warmaster Okawaru
  1405 | D:2      | Reached XP level 5. HP: 27/33 MP: 5/5
  1865 | D:2      | Found a deep blue altar of Sif Muna.
  1960 | D:3      | Found a snail-covered altar of Cheibriados.
  1960 | D:3      | Noticed Natasha
  1978 | D:3      | Killed Natasha
  2077 | D:3      | Noticed Natasha
  2089 | D:3      | Killed Natasha
  2089 | D:3      | Reached XP level 6. HP: 38/38 MP: 6/6
  2206 | D:3      | Mangled by an ogre

Skill      XL: |  1  2  3  4  5 |
---------------+----------------+-----
Maces & Flails | 3 4 |  4.1
Armour         | 4 |  4.3
Fighting       | 4 |  4.2
Shields        | 4 |  4.3
Stealth        | |  0.3

Action                   |  1- 3 |  4- 6 || total
-------------------------+-------+-------++-------
Melee: Flail             |    80 |   249 ||   329
  Eat: Chunk             |       |     4 ||     4
Armor: Scale mail        |    14 |       ||    14
       Plate armour      |    28 |   251 ||   279
Dodge: Dodged            |    21 |    48 ||    69
Block: Shield            |    38 |   188 ||   226
